 Dungeon Crawl Stone Soup version 0.27-a0-1612-gde56a17b89 (webtiles) character file.

Game seed: 14738538656387642040

65 robertstho the Magician (level 4, 0/31 HPs)
             Began as a Djinni Fire Elementalist on July 21, 2021.
             Killed from afar by Sigmund (2 damage)
             ... with a puff of flame
             ... on level 2 of the Dungeon.
             The game lasted 00:04:37 (2433 turns).

robertstho the Magician (Djinni Fire Elementalist)  Turns: 2433, Time: 00:04:38

Health: 0/31       AC:  4    Str:  7    XL:     4   Next: 35%
Gold:   98         EV: 12    Int: 17    God:
                   SH:  0    Dex: 14

rFire    + + .     SeeInvis +   c - +1 long sword
rCold    x . .     Faith    .   (no shield)
rNeg     . . .     Spirit   .   a - +0 robe
rPois    ∞         Reflect  .   (no helmet)
rElec    .         Harm     .   (no cloak)
rCorr    .         Rampage  .   g - +1 pair of gloves
Will     .....                  (boots unavailable)
Stlth    ++........             (no amulet)
HPRegen  0.10/turn              d - ring of see invisible
MPRegen  0.00/turn              (no ring)

@: flying
A: sickness immunity, fire resistance 2, cold vulnerability 1, float, innate
caster, hp casting, extra vitality 1
a: no special abilities


You were on level 2 of the Dungeon.
You visited 1 branch of the dungeon, and saw 2 of its levels.

You collected 98 gold pieces.

Inventory:

Hand Weapons
 c - a +1 long sword (weapon)
Armour
 a - a +0 robe (worn)
 g - a +1 pair of gloves (worn)
Jewellery
 d - a ring of see invisible (left hand)
Scrolls
 b - a scroll of enchant weapon


   Skills:
 + Level 0.3 Fighting
 + Level 0.2 Long Blades
 + Level 2.5 Dodging
 + Level 1.7 Stealth
 * Level 3.5 Spellcasting


You couldn't memorise any spells.
You knew the following spells:

 Your Spells              Type           Power      Damage    Failure   Level
a - Foxfire               Conj/Fire      60%        2x1d7     3%          1
b - Conjure Flame         Conj/Fire      15%        6-21      12%         3
c - Inner Flame           Hex/Fire       15%        N/A       12%         3
d - Sticky Flame          Conj/Fire      15%        2d4       36%         4
e - Fireball              Conj/Fire      7%         3d5       71%         5
f - Apportation           Tloc           30%        N/A       3%          1
Your spell library was empty.

Dungeon Overview and Level Annotations

Branches:
Dungeon (2/15)

Altars:

Annotations:
D:2 Robin, Sigmund


Innate Abilities, Weirdness & Mutations

You are immune to sickness and miasma.
You are immune to poison.
Your flesh is very heat resistant. (rF++)
You are vulnerable to cold. (rC-)
You float through the air rather than walking.
You learn spells naturally, not from books.
Your magical power is your life essence.
You have superior vitality. (+4 HP)


Message History

The foxfire hits Sigmund.
Sigmund is severely wounded.
Sigmund hits you from afar with a +3 scythe of protection!
* * * LOW HITPOINT WARNING * * *
It was a potion of magic.
Magic courses through your body.
The foxfire hits Sigmund.
Sigmund is severely wounded.
The foxfire hits Sigmund but does no damage.
Sigmund is severely wounded.
Sigmund gestures wildly while chanting.
Sigmund flickers and vanishes for a moment.
You aren't carrying any items that you can evoke.
As you read the scroll of teleportation, it crumbles to dust.
You feel strangely unstable. Sigmund closely misses you.
You aren't carrying any items that you can evoke.
The giant cockroach closely misses you.
You riposte.
You barely miss the giant cockroach. Sigmund completely misses you.
Your surroundings suddenly seem different.
Robin shouts!
The hobgoblin shouts! x2; The goblin shouts!
You hear a shout!
Unknown command.
The goblin shouts!
Your magical contamination has completely faded away.
Robin roars a battlecry!
The hobgoblin goes into a battle-frenzy!
Sigmund casts a spell at you. You resist with some effort.
The giant cockroach misses you.
You riposte.
You hit the giant cockroach.
You kill the giant cockroach!
Sigmund no longer looks unusually strong.
You see here a +0 dagger.
The hobgoblin no longer looks unusually strong.
Robin roars a battlecry!
The hobgoblin goes into a battle-frenzy!
Robin roars a battlecry!
Sigmund points at you and mumbles some strange words.
The puff of flame hits you. You resist.
* * * LOW HITPOINT WARNING * * *
Sigmund casts a spell at you. The puff of flame hits you. You resist.
You die...

........###..........#
#...................## ###
#...............#...# #.#
#...................#####.#
#.......#....<............#
...............#..#.#####.#
..g##+###.........#.# #.#
#†...).......#.#.##.#####.###
##...g..........@...........#
######..≈##@.##..###########
#.......@.#..##..######
#.....≈..g#.........).#
#...≈≈≈≈≈≈≈...#######.#
#........###).......#.#
##....[........#####.#.#
..........###.## #.#.#
..........'...# #.#.#


You could see Sigmund (invisible).

Vanquished Creatures
  Terence (D:2)
  A dart slug (D:1)
  4 ball pythons (D:1)
  6 bats
  An endoplasm (D:2)
  3 giant cockroaches
  7 goblins
  2 hobgoblins
  2 kobolds
  A quokka (D:1)
  5 frilled lizards
  3 rats
36 creatures vanquished.

Vanquished Creatures (others)
  153 foxfires
153 creatures vanquished.

Grand Total: 189 creatures vanquished

Notes
Turn   | Place    | Note
-------+----------+-------------------------------------------
     0 | D:1      | robertstho the Djinni Fire Elementalist began the quest for
                  | the Orb.
     0 | D:1      | Reached XP level 1. HP: 15/15 MP: 0/0
   175 | D:1      | Reached XP level 2. HP: 19/21 MP: 0/0
   563 | D:1      | Reached skill level 3 in Spellcasting
   930 | D:1      | Reached XP level 3. HP: 22/25 MP: 0/0
   930 | D:1      | Learned a level 1 spell: Apportation
  1253 | D:2      | Noticed Robin
  1634 | D:2      | Noticed Terence
  2155 | D:2      | Killed Terence
  2156 | D:2      | Reached XP level 4. HP: 10/31 MP: 0/0
  2384 | D:2      | Noticed Sigmund
  2394 | D:2      | HP: 1/31 [Sigmund (14)]
  2433 | D:2      | Killed from afar by Sigmund

Illustrated notes

Levels and vault maps discovered:
D:1:      scummos_arrival_simple_crosswalls, layout_loops_ring
D:2:      minmay_alternating_diamond, layout_basic,
          ebering_ecumenical_altar_sacrificial, minmay_misc_feat_tower,
          chequers_serial_rivers_micro_e, uniq_robin, uniq_sigmund, uniq_terence

Skill      XL: |  1  2 |
---------------+-------+-----
Spellcasting   | 3 |  3.5
Fighting       | |  0.3
Long Blades    | |  0.2
Dodging        | |  2.5
Stealth        | |  1.7

Action                   |  1- 3 |  4- 6 || total
-------------------------+-------+-------++-------
Melee: Long sword        |    11 |       ||    11
 Cast: Foxfire           |    89 |     7 ||    96
  Use: Scroll            |     4 |     1 ||     5
       Potion            |     2 |     1 ||     3
Armor: Robe              |    19 |       ||    19
Dodge: Dodged            |    38 |     6 ||    44
       Rpst.: Long sword |    17 |     2 ||    19

Table legend: (Time is in decaauts)
 A = Elapsed time spent in this place.
 B = Non-inter-level travel time spent in this place.
 C = Inter-level travel time spent in this place.
 D = Time resting spent in this place.
 E = Time spent auto-exploring this place.
 F = Levels seen in this place.
 G = Mean time per level.
                   A        B        C        D        E       F      G
               +--------+--------+--------+--------+--------+-----+--------+
         Total |   2438 |   2364 |     74 |    364 |   1611 |   2 | 1219.0 |
       Dungeon |   2438 |   2364 |     74 |    364 |   1611 |   2 | 1219.0 |
               +--------+--------+--------+--------+--------+-----+--------+

Top non-repeatable levels by time:
     D:1: 1693 daAuts
     D:2: 744 daAuts
